 Dungeon Crawl Stone Soup version 0.32-a0-893-gf85d74f360 (webtiles) character file.

Game seed: 16694996046156424875

7 Doorstop00 the Chopper (level 1, -1/20 HPs)
             Began as a Minotaur Berserker on Apr 3, 2024.
             Was a Follower of Trog.
             Slain by a hobgoblin (4 damage)
             ... on level 1 of the Dungeon.
             The game lasted 00:00:44 (68 turns).

Doorstop00 the Chopper (Minotaur Berserker)           Turns: 68, Time: 00:00:44

Health: -1/20      AC:  2    Str: 21    XL:     1   Next: 83%
Magic:  0/0        EV: 11    Int:  4    God:    Trog [*.....]
Gold:   10         SH:  0    Dex:  9    Spells: 0/0 levels left

rFire   . . .        a - +0 hand axe
rCold   . . .        (no shield)
rNeg    . . .        b - +0 animal skin
rPois   .            (helmet restricted)
rElec   .            (no cloak)
rCorr   .            (no gloves)
SInv    .            (no boots)
Will    .....        (no amulet)
Stlth   +            (no ring)
HPRegen 0.23/turn    (no ring)
MPRegen 0.07/turn

%: no passive effects
@: no status effects
A: horns 2, retaliatory headbutt
a: Renounce Religion, Berserk


You were on level 1 of the Dungeon.
You worshipped Trog.
Trog was aware of your devotion.
You visited 1 branch of the dungeon, and saw 1 of its levels.

You collected 10 gold pieces.

Inventory:

Hand Weapons
 a - a +0 hand axe (weapon)
Armour
 b - a +0 animal skin (worn)
Scrolls
 c - a scroll of torment {unknown}
Potions
 d - a potion of heal wounds {unknown}


   Skills:
 * Level 3.8 Fighting
 * Level 3.9 Axes
 * Level 2.5 Armour
 * Level 2.2 Dodging


You couldn't memorise any spells.
You didn't know any spells.
Your spell library was empty.

Dungeon Overview and Level Annotations

Branches:
Dungeon (1/15)

Altars:


Innate Abilities, Weirdness & Mutations

You have a pair of horns on your head.
You reflexively headbutt those who attack you in melee.


Message History

The ball python closely misses you.
You slash the ball python!
You kill the ball python!
Trog accepts your kill.
You barely miss the kobold. The bat hits you.
A frilled lizard comes into view.
The kobold hits you with a +0 dagger.
You closely miss the kobold. The bat hits you but does no damage.
The kobold hits you with a +0 dagger.
You closely miss the kobold. Your headbutt misses the kobold.
The bat barely misses you. The kobold hits you with a +0 dagger.
You are too injured to fight recklessly!
You are too injured to fight recklessly!
You are too injured to fight recklessly!
You are too injured to fight recklessly!
You are too injured to fight recklessly!
You closely miss the kobold. The bat hits you but does no damage.
The frilled lizard unfolds its giant frill.
The kobold barely misses you.
You hit the kobold.
You kill the kobold!
Trog accepts your kill. The bat hits you. The bat barely misses you.
You furiously retaliate!
You headbutt the bat. You hit the endoplasm but do no damage.
You headbutt the endoplasm.
You kill the endoplasm!
Trog accepts your kill.
You hit the bat.
You kill the bat!
Trog accepts your kill.
You completely miss the hobgoblin. The hobgoblin hits you.
* * * LOW HITPOINT WARNING * * *
The hobgoblin barely misses you. You furiously retaliate!
You headbutt the hobgoblin!
You kill the hobgoblin!
Trog accepts your kill.
Found a stone staircase leading down.
The hobgoblin attacks as it pursues you!
The hobgoblin hits you.
You die...

..gg## ....( >........
...# .........######..#
.......#......#..#
.......#......#..#
.......##.....#..#
....^.. #.....#..#
......l##.†...#..#####
.......@g............#
.......)##.####(.....#
#
.........#..###......+
.
#.#####..##..........##
# #...............##
#.#######.#####.## #.#
#.. #.## #.# ##. #..#
#...


You could see a hobgoblin and a frilled lizard.

Vanquished Creatures
  A bat (D:1)
  An endoplasm (D:1)
  A hobgoblin (D:1)
  3 ball pythons (D:1)
  A kobold (D:1)
7 creatures vanquished.

Notes
Turn   | Place    | Note
-------+----------+-------------------------------------------
     0 | D:1      | Doorstop00 the Minotaur Berserker began the quest for the
                  | Orb.
     0 | D:1      | Reached XP level 1. HP: 19/19 MP: 0/0
    68 | D:1      | Slain by a hobgoblin

Illustrated notes

Levels and vault maps discovered:
D:1:      dpeg_arrival_long_road, layout_basic

Action                     || total
---------------------------++-------
  Melee: Hand axe          ||     9
         Headbutt          ||     1
 Armour: Animal skin       ||    12
  Dodge: Dodged            ||     9

Table legend: (Time is in decaauts)
 A = Elapsed time spent in this place.
 B = Non-inter-level travel time spent in this place.
 C = Inter-level travel time spent in this place.
 D = Time resting spent in this place.
 E = Time spent auto-exploring this place.
 F = Levels seen in this place.
 G = Mean time per level.
                   A        B        C        D        E       F      G
               +--------+--------+--------+--------+--------+-----+--------+
         Total |     69 |     69 |      0 |      0 |     43 |   1 |   69.0 |
       Dungeon |     69 |     69 |      0 |      0 |     43 |   1 |   69.0 |
               +--------+--------+--------+--------+--------+-----+--------+

Top non-repeatable levels by time:
     D:1: 69 daAuts
